 Dungeon Crawl Stone Soup version 0.24.0-123-gd5b16e6ec5 (webtiles) character file.

Game seed: 7843871844883461018, levelgen mode: deterministic

40 Goreval the Slasher (level 3, 0/45 HPs)
             Began as a Barachi Berserker on Feb 4, 2020.
             Was a Follower of Trog.
             Slain by a hobgoblin
             ... wielding a +0 club
             ... led by Robin
              (7 damage)
             ... on level 2 of the Dungeon.
             The game lasted 00:01:18 (1469 turns).

Goreval the Slasher (Barachi Berserker)             Turns: 1469, Time: 00:01:18

Health: 0/45       AC:  2    Str: 24    XL:     3   Next: 50%
Magic:  3/3        EV: 12    Int:  7    God:    Trog [*.....]
Gold:   43         SH:  0    Dex: 11    Spells: 2/2 levels left

rFire    . . .     SeeInvis .   a - +0 falchion
rCold    . . .     Gourm    .   (no shield)
rNeg     . . .     Faith    .   b - +0 animal skin
rPois    .         Spirit   .   (no helmet)
rElec    .         Reflect  .   (no cloak)
rCorr    .         Harm     .   (no gloves)
MR       .....                  (no boots)
Stlth    ..........             (no amulet)
HPRegen  0.15/turn              (no ring)
MPRegen  0.08/turn              (no ring)

@: berserking, can't hop, very quick
A: +LOS, swims, slowness 1, strong legs 1
a: Hop, Berserk, Renounce Religion


You were on level 2 of the Dungeon.
You worshipped Trog.
Trog was aware of your devotion.
You were very hungry.

You visited 1 branch of the dungeon, and saw 2 of its levels.

You collected 43 gold pieces.

Inventory:

Hand Weapons
 a - a +0 falchion (weapon)
Missiles
 d - 9 stones (quivered)
Armour
 b - a +0 animal skin (worn)
Scrolls
 e - 2 scrolls of remove curse {unknown}
 g - a scroll of identify {unknown}
Potions
 f - a potion of heal wounds {unknown}
 h - a potion of lignification {unknown}
Comestibles
 c - a ration
 i - a chunk of flesh


   Skills:
 + Level 4.0 Fighting
 * Level 4.3 Long Blades
 + Level 3.0 Armour
 + Level 2.7 Dodging


You had 2 spell levels left.
You didn't know any spells.
Your spell library was empty.

Dungeon Overview and Level Annotations

Branches:
Dungeon (2/15)

Altars:

Annotations:
D:2 Robin


Innate Abilities, Weirdness & Mutations

Shadows flee at your approach. (+LOS)
You can swim through water.
You cover ground slowly.
You can hop short distances.


Message History

You kill the goblin!
Trog accepts your kill.
Your Armour skill increases to level 3!
A hobgoblin comes into view. It is wielding a +0 club.
You slash the goblin!
You kill the goblin!
Trog accepts your kill.
The goblin shoots a stone.
The stone hits you.
* * * LOW HITPOINT WARNING * * *
You hit the goblin. Robin throws the goblin at you!
The goblin closely misses you. The goblin misses you.
You riposte.
You hit the goblin.
You kill the goblin!
Trog accepts your kill.
A red film seems to cover your vision as you go berserk!
You feel yourself moving faster!
You feel mighty!
You are feeling very hungry.
The goblin no longer looks unusually strong.
The hobgoblin hits you with a +0 club!
You die...

......######......((...#.....(.(#
.............÷..........(......r(
.#############..(.......g(.((..g.
.# #.........r......... ##
#.......÷.#g#######. ##.#
#...gg......(# ...#
#..rg...g....# ####
###g#####.(...# #@# #...#.# #g#
#...#..# #.# #...##.# #.# #...#
.# #.# ...# #### # ##


You could see Robin, 2 hobgoblins, 2 goblins and a rat.

Vanquished Creatures
  An ooze (D:1)
  2 dart slugs
  3 giant cockroaches (D:1)
  6 goblins
  3 hobgoblins (D:2)
  2 jackals (D:1)
  2 kobolds (D:1)
  4 bats
  2 frilled lizards (D:1)
  3 rats
28 creatures vanquished.

Notes
Turn   | Place    | Note
-------+----------+-------------------------------------------
     0 | D:1      | Goreval the Barachi Berserker began the quest for the Orb.
     0 | D:1      | Reached XP level 1. HP: 18/18 MP: 1/1
   323 | D:1      | Reached XP level 2. HP: 17/25 MP: 2/2
  1101 | D:1      | Reached XP level 3. HP: 25/30 MP: 3/3
  1445 | D:2      | Noticed Robin
  1469 | D:2      | Slain by a hobgoblin

Levels and vault maps discovered:
D:1:      arrival_zaba_pyramid, layout_basic, serial_park_tiny_1
D:2:      layout_basic, nicolae_overflow_hidden_temple, uniq_robin, uniq_terence

Skill      XL: |  1  2  3 |
---------------+----------+-----
Long Blades    | 4 |  4.3
Fighting       | 4 |  4.0
Armour         | 3 |  3.0
Dodging        | |  2.7

Action                   || total
-------------------------++-------
Melee: Falchion          ||    72
Throw: Stone             ||    17
Invok: Berserk           ||     1
 Abil: Hop               ||     1
  Eat: Chunk             ||     2
Armor: Animal skin       ||    11
Dodge: Dodged            ||    65
       Rpst.: Falchion   ||    28
